 Dungeon Crawl Stone Soup version 0.19-a0-1587-gaef70b6 (webtiles) character file.

42 Amnesiac the Charlatan (level 3, -1/33 HPs)
             Began as an Ogre Artificer on Sept 16, 2016.
             Slain by an orc
             ... wielding a +0 short sword
              (4 damage)
             ... on level 3 of the Dungeon.
             The game lasted 00:02:22 (949 turns).

Amnesiac the Charlatan (Ogre Artificer)              Turns: 949, Time: 00:02:23

Health: -1/33      AC:  3    Str: 17    XL:     3   Next: 56%
Magic:  5/5        EV: 10    Int: 10    God:
Gold:   7          SH:  0    Dex: 11    Spells: 0 memorised, 2 levels left

rFire  . . .     SeeInvis .     m - +0 whip
rCold  . . .     Gourm    .     b - +0 robe
rNeg   . . .     Faith    .     (no shield)
rPois  .         Spirit   .     (helmet restricted)
rElec  .         Dismiss  .     (no cloak)
rCorr  .         Reflect  .     (gloves unavailable)
MR     .....     Harm     .     (boots unavailable)
Stlth  +.........               (no amulet)
                                (no ring)
                                (no ring)

@: no status effects
A: unfitting armour, tough skin 1
a: no special abilities


You were on level 3 of the Dungeon.
You were not hungry.

You visited 1 branch of the dungeon, and saw 3 of its levels.

You collected 7 gold pieces.

Inventory:

Hand Weapons
 a - a +0 short sword
 m - a +0 whip (weapon)
Missiles
 k - 5 large rocks (quivered)
Armour
 b - a +0 robe (worn)
Wands
 c - a wand of flame (13/48)
 d - a wand of enslavement (15/24)
 e - a wand of random effects (15/48)
Scrolls
 g - a scroll of teleportation {unknown}
 h - a scroll of fog {unknown}
 j - a scroll of identify {unknown}
Potions
 i - a potion of lignification {unknown}
Books
 l - a Fen Folio

   Spells                             Type                      Level
   a - Corpse Rot                     Necromancy                   2
   b - Stone Arrow                    Conjuration/Earth            3
   c - Leda's Liquefaction            Hexes/Earth                  4
   d - Summon Forest                  Summoning/Translocation      5
   e - Hydra Form                     Transmutation                6
   f - Summon Hydra                   Summoning                    7
Comestibles
 f - a bread ration


   Skills:
 - Level 1.3 Fighting
 - Level 0.5 Short Blades
 - Level 1.7 Dodging
 - Level 0.7 Stealth
 + Level 3.6 Evocations


You had 2 spell levels left.
You didn't know any spells.

Dungeon Overview and Level Annotations

Branches:
Dungeon (3/15)

Altars:
Cheibriados
Ru


Innate Abilities, Weirdness & Mutations

You are too large for most types of armour.
You have tough skin. (AC +1)


Message History

The orc closely misses you.
You barely miss the orc. The orc hits you with a short sword.
You barely miss the orc. The orc completely misses you.
You hit the orc.
The orc is lightly wounded.
The orc barely misses you. The orc hits you with a short sword.
* * * LOW HITPOINT WARNING * * *
You are too injured to fight recklessly!
You are too injured to fight recklessly!
You are too injured to fight recklessly!
You are too injured to fight recklessly!
You are too injured to fight recklessly!
You barely miss the orc.
The orc is lightly wounded.
The orc hits you with a short sword.
* * * LOW HITPOINT WARNING * * *
You barely miss the orc.
The orc is lightly wounded.
The orc hits you with a short sword.
You die...

######## #......#
.###......#
..........###########
##......#.........#
#.##....[.)#.........#
#.......).@o...<.....#
....##########.....)...#
. ##.........#
#..........#
#.########## ........#
>.....o.# ......o.#
........#


You could see an orc.

Vanquished Creatures
  3 adders
  4 orcs
  A hobgoblin (D:1)
  A kobold (D:3)
  2 bats
  2 frilled lizards (D:2)
  A rat (D:2)
14 creatures vanquished.

Notes
Turn   | Place    | Note
-------+----------+-------------------------------------------
     0 | D:1      | Amnesiac the Ogre Artificer began the quest for the Orb.
     0 | D:1      | Reached XP level 1. HP: 19/19 MP: 2/2
   222 | D:2      | Found a snail-covered altar of Cheibriados.
   226 | D:2      | Found a sacrificial altar of Ru.
   304 | D:3      | Reached XP level 2. HP: 27/27 MP: 4/4
   312 | D:3      | Reached skill level 3 in Evocations
   601 | D:2      | Reached XP level 3. HP: 15/33 MP: 5/5
   949 | D:3      | Slain by an orc

Vault maps used:
D:1:      ldierk_walled_garden_2, okawaru_ov_weapons_minmay
D:2:      minitemple, lemuel_doored_altar
D:3:      small_statue_intersection, serial_bayou_pond_a, minivault_14

Skill      XL: |  1  2 |
---------------+-------+-----
Evocations     | 3 |  3.6
Fighting       | |  1.3
Short Blades   | |  0.5
Dodging        | |  1.7
Stealth        | |  0.7

Action                   || total
-------------------------++-------
Melee: Short sword       ||    63
       Whip              ||    20
Evoke: Wand              ||     2
 Stab: Sleeping          ||     1
Armor: Robe              ||    25
Dodge: Dodged            ||    60
